 Dungeon Crawl Stone Soup version 0.28-a0-925-gd5e1996cdb (webtiles) character file.

Game seed: 12628529003438400204

6171 Gwenloh the Destroyer (level 10, -18/56 HPs)
             Began as a Deep Elf Conjurer on Nov 26, 2021.
             Was an Initiate of Sif Muna.
             Shot with an arrow by a centaur warrior (20 damage)
             ... on level 8 of the Dungeon on Nov 27, 2021.
             The game lasted 00:40:23 (9914 turns).

Gwenloh the Destroyer (Deep Elf Conjurer)           Turns: 9914, Time: 00:40:24

Health: -18/56     AC:  5    Str: 10    XL:     10   Next: 60%
Magic:  17/26      EV: 17    Int: 25    God:    Sif Muna [......]
Gold:   408        SH:  0    Dex: 15    Spells: 15/29 levels left

rFire   . . .      SeeInvis +   a - staff of conjuration
rCold   . . .      Faith    .   (no shield)
rNeg    . . .      Spirit   .   x - +0 robe
rPois   +          Reflect  .   (no helmet)
rElec   .          Harm     .   k - +2 cloak {rPois}
rCorr   .          Rampage  .   (no gloves)
Will    +....                   (no boots)
Stlth   ++........              c - amulet of magic regeneration
HPRegen 0.18/turn               r - ring of see invisible
MPRegen 0.60/turn               v - +6 ring of strength

@: very slightly contaminated
A: no striking features
a: Renounce Religion


You were on level 8 of the Dungeon.
You worshipped Sif Muna.
Sif Muna was noncommittal.
You visited 2 branches of the dungeon, and saw 9 of its levels.

You collected 560 gold pieces.
You spent 152 gold pieces at shops.

Inventory:

Hand Weapons
 b - the +6 quarterstaff "Moewusm" {spect, rElec rC+ rN+}
   (You took it off an orc warrior on level 8 of the Dungeon)

   When its wielder attacks, the weapon's spirit leaps out and strikes again.
   The spirit shares a part of any damage it takes with its wielder.
   rC:        It protects you from cold.
   rElec:     It insulates you from electricity.
   rN:        It protects you from negative energy.
Missiles
 n - a throwing net
Armour
 k - a +2 cloak of poison resistance (worn)
 x - a +0 robe (worn)
 B - a +0 buckler
Magical Staves
 a - a staff of conjuration (weapon)
Jewellery
 c - an amulet of magic regeneration (around neck)
 j - the ring of Liss {+Blink rElec rPois}
   (You took it off an orc on level 8 of the Dungeon)

   [ring of poison resistance]

   rElec:     It insulates you from electricity.
   rPois:     It protects you from poison.
   +Blink:    It lets you blink.
 r - a ring of see invisible (left hand)
 t - a ring of poison resistance
 v - a +6 ring of strength (right hand)
 w - a +6 ring of dexterity
Wands
 y - a wand of flame (30)
 A - a wand of acid (4)
Scrolls
 e - 2 scrolls of silence
 g - 3 scrolls of magic mapping
 s - 6 scrolls of enchant weapon
 u - a scroll of fog
 z - a scroll of holy word {unknown}
 D - a scroll of immolation {unknown}
Potions
 d - a potion of cancellation {unknown}
 f - 2 potions of ambrosia
 h - a potion of flight {unknown}
 i - a potion of degeneration {unknown}
 l - 2 potions of brilliance {unknown}
 m - a potion of heal wounds {unknown}
 o - 4 potions of curing
 p - 2 potions of lignification {unknown}
 C - a potion of berserk rage {unknown}


   Skills:
 + Level 4.1 Fighting
 + Level 9.5 Dodging
 - Level 2.4 Stealth
 + Level 10.4 Spellcasting
 * Level 12.5 Conjurations


You had 15 spell levels left.
You knew the following spells:

 Your Spells              Type           Power      Damage    Failure   Level
a - Magic Dart            Conj           100%       1d8       1%          1
b - Searing Ray           Conj           100%       2d8       1%          2
c - Dazzling Flash        Conj/Hex       100%       N/A       1%          3
d - Iskenderun's Mystic   Conj/Tloc      61%        2d13      3%          4
e - Fulminant Prism       Conj/Hex       30%        3d16      3%          4

Your spell library contained the following spells:

 Spells                   Type           Power      Damage    Failure   Level
 Static Discharge         Conj/Air       61%        N/A       1%          2
 Mephitic Cloud           Conj/Pois/Air  50%        N/A       2%          3
 Pain                     Necr           52%        1d6       4%          1
 Blink                    Tloc           26%        N/A       7%          2
 Call Imp                 Summ           13%        N/A       7%          2
 Lightning Bolt           Conj/Air       30%        1d47      10%         5
 Portal Projectile        Hex/Tloc       26%        N/A       14%         3
 Summon Guardian Golem    Hex/Summ       13%        N/A       14%         3
 Summon Ice Beast         Ice/Summ       13%        N/A       43%         4
 Summon Lightning Spire   Summ/Air       13%        N/A       43%         4
 Agony                    Necr           13%        N/A       78%         5
 Alistair's Intoxication  Tmut/Pois      8%         N/A       78%         5
 Borgnjor's Vile Clutch   Necr/Erth      6%         N/A       78%         5
 Excruciating Wounds      Necr           6%         N/A       78%         5
 Summon Mana Viper        Hex/Summ       13%        N/A       78%         5
 Eringya's Noxious Bog    Tmut/Pois      6%         N/A       100%        6
 Maxwell's Capacitive Co  Air            6%         ∞         100%        8


Dungeon Overview and Level Annotations

Branches:
Dungeon (8/15)             Temple (1/1) D:4
   Lair: D:8-11

Altars:
Ashenzari
Cheibriados
Dithmenos
Fedhas
Gozag
Hepliaklqana
Kikubaaqudgha
Makhleb
Nemelex Xobeh
Okawaru
Qazlal
Ru
Sif Muna
Trog
Uskayaw
Vehumet
Wu Jian
Xom
Yredelemnul
Zin
The Shining One

Shops:
D:2 *   D:5 **[

Annotations:
D:3 nago's ghost, amateur DsCA
D:8 1 runed translucent door, bmj180's ghost, novice DrVM


Message History

The centaur warrior shoots an arrow.
The arrow closely misses you.
There is a stone staircase leading up here.
Casting: Dazzling Flash (safe; 1% risk of failure)
Confirm with . or Enter, or press ? or * to list all spells.
Aiming: Fulminant Prism (dangerous; 3% risk of failure)
Press: ? - help, Dir - move target You feel a surge of power!
You conjure a prism of explosive energy!
A fulminant prism comes into view.
Casting: Fulminant Prism (dangerous; 3% risk of failure)
Confirm with . or Enter, or press ? or * to list all spells.
Aiming: Searing Ray (safe; 1% risk of failure)
Press: ? - help, Shift-Dir - straight line, f - centaur warrior
Aim: a centaur warrior, wielding a +0 longbow and quivering arrows (ally target, 87% to hit)
You feel a surge of power!
The searing ray hits the centaur warrior!
The centaur warrior is lightly wounded. (Press . to maintain the ray.)
The centaur warrior shoots an arrow.
The arrow hits you!
The centaur warrior shoots an arrow.
The arrow misses you.
Your fulminant prism crackles loudly.
The searing ray misses the centaur warrior.
The centaur warrior shoots an arrow.
The arrow hits you!
Your fulminant prism explodes!
The blast of energy engulfs the centaur warrior!!!
The centaur warrior is severely wounded.
Casting: Searing Ray (safe; 1% risk of failure)
Confirm with . or Enter, or press ? or * to list all spells.
Aiming: Fulminant Prism (dangerous; 3% risk of failure)
Press: ? - help, Dir - move target, p - centaur warrior You feel a surge of power!
You miscast Fulminant Prism.
You are very lightly contaminated with residual magic.
Nothing appears to happen.
The centaur warrior shoots an arrow.
The arrow hits you!!
* * * LOW HITPOINT WARNING * * *
The centaur wields a +0 shortbow.
The centaur shoots an arrow.
The arrow hits you!
* * * LOW HITPOINT WARNING * * *
The centaur warrior shoots an arrow.
The arrow hits you!!
You die...

c..### .... .... ....
.... ##.... .... ...##
#...# .....#
....###...# .. #..#
..........##.# #..
..........#..# #.#
..........#.# #@#
............# ##[#
.#.....c....# #..#####
.###........###(c....#
.# ##............#####
#.# #......#....##
#........####...##
#..#####.# #....# #.##
#.# #....##


You could see a centaur warrior and a centaur.

Vanquished Creatures
  A hydra (D:8)
  A two-headed ogre (D:5)
  Pikel (D:7)
  Prince Ribbit (D:5)
  A shadow (D:8)
  Sigmund (D:5)
  A wyvern (D:8)
  Menkaure (D:7)
  Edmund (D:6)
  A water moccasin (D:7)
  2 ice beasts
  5 orc warriors
  3 sky beasts
  A hornet zombie (D:6)
  2 black bears (D:7)
  4 ogres
  2 centaurs (D:8)
  4 lemures (D:7)
  Blork the orc (D:6)
  4 kobold brigands
  2 bullfrogs
  A gnoll sergeant (D:8)
  2 wyvern zombies (D:8)
  5 scorpions
  2 howler monkeys
  2 centaur zombies
  2 hounds
  A centaur skeleton (D:6)
  5 orc priests
  Crazy Yiuf (D:2)
  An iguana (D:4)
  11 orc wizards
  7 gnolls
  7 adders
  A shadow imp (D:6)
  4 white imps
  An ufetubus (D:5)
  A worm (D:5)
  3 dart slugs (D:1)
  19 orcs
  9 ball pythons
  7 endoplasms
  3 giant cockroaches
  7 goblins
  7 hobgoblins
  3 jackals (D:1)
  19 kobolds
  4 quokkas
  7 bats
  5 frilled lizards
  4 rats
191 creatures vanquished.

Vanquished Creatures (others)
  21 fulminant prisms
21 creatures vanquished.

Grand Total: 212 creatures vanquished

Notes
Turn   | Place    | Note
-------+----------+-------------------------------------------
     0 | D:1      | Gwenloh the Deep Elf Conjurer began the quest for the Orb.
     0 | D:1      | Reached XP level 1. HP: 10/10 MP: 6/6
   367 | D:1      | Reached XP level 2. HP: 8/15 MP: 5/8
   499 | D:1      | Learned a level 2 spell: Searing Ray
  1116 | D:1      | Reached skill level 5 in Conjurations
  1119 | D:1      | Reached XP level 3. HP: 19/19 MP: 10/10
  1123 | D:1      | Learned a level 3 spell: Dazzling Flash
  1508 | D:2      | Found Irgho's General Store.
  1724 | D:2      | Found a runed translucent door.
  1725 | D:2      | Noticed Crazy Yiuf
  1820 | D:2      | Reached XP level 4. HP: 24/24 MP: 7/11
  1852 | D:2      | Found a blossoming altar of Fedhas.
  2096 | D:2      | Killed Crazy Yiuf
  2273 | D:3      | Learned a level 4 spell: Iskenderun's Mystic Blast
  2369 | D:3      | Reached XP level 5. HP: 28/28 MP: 11/13
  2445 | D:3      | Found a runed translucent door.
  2451 | D:3      | Noticed nago's ghost (amateur DsCA)
  2476 | D:3      | Reached skill level 6 in Conjurations
  2624 | D:3      | Found a faded altar of an unknown god.
  2936 | D:3      | Found a hazy altar of Hepliaklqana.
  2936 | D:3      | Found a glowing golden altar of the Shining One.
  3060 | D:4      | Found a staircase to the Ecumenical Temple.
  3068 | Temple   | Entered the Ecumenical Temple
  3383 | D:4      | Noticed an ogre
  3388 | D:4      | Killed an ogre
  3389 | D:4      | Reached XP level 6. HP: 32/32 MP: 5/15
  3412 | D:4      | Learned a level 4 spell: Fulminant Prism
  3460 | D:4      | Reached skill level 5 in Spellcasting
  3663 | D:4      | Found a broken altar of Ashenzari.
  3707 | D:4      | Found a hide-covered altar of Uskayaw.
  3748 | D:4      | Reached skill level 7 in Conjurations
  4130 | D:4      | Found a sparkling altar of Nemelex Xobeh.
  4139 | D:4      | Found a bloodstained altar of Trog.
  4255 | D:5      | Entered Level 5 of the Dungeon
  4306 | D:5      | Found Oloepp's General Store.
  4314 | D:5      | Bought a scroll of identify for 24 gold pieces
  4317 | D:5      | Identified a scroll of acquirement
  4317 | D:5      | Found Tufush's Armour Emporium.
  4327 | D:5      | Acquired the Tome of the Entourage and the Voyage
  4474 | D:5      | Found Muyleifaso's Assorted Antiques.
  4483 | D:5      | Bought a scroll of identify for 64 gold pieces
  4483 | D:5      | Bought a scroll of identify for 64 gold pieces
  4577 | D:5      | Found an ornate altar of the Wu Jian Council.
  4631 | D:5      | Noticed Prince Ribbit
  4638 | D:5      | Reached skill level 5 in Dodging
  4638 | D:5      | Reached XP level 7. HP: 36/36 MP: 11/17
  4648 | D:5      | Killed Prince Ribbit
  4674 | D:5      | Noticed a two-headed ogre
  4685 | D:5      | Killed a two-headed ogre
  4686 | D:5      | Reached skill level 9 in Conjurations
  4686 | D:5      | Reached XP level 8. HP: 32/41 MP: 5/20
  4869 | D:5      | Noticed Sigmund
  5511 | D:5      | Killed Sigmund
  5645 | D:6      | Identified the amulet "Gowiangy" {Spirit +Inv Regen+ Int-3}
  5819 | D:6      | Reached skill level 10 in Conjurations
  5826 | D:6      | Reached XP level 9. HP: 45/46 MP: 15/23
  5865 | D:6      | Reached skill level 1 in Fighting
  6087 | D:6      | Noticed Blork the orc
  6092 | D:6      | Killed Blork the orc
  6172 | D:6      | Noticed Edmund
  6193 | D:6      | Killed Edmund
  6434 | D:6      | Acquired a staff of conjuration
  6461 | D:6      | Found an iron altar of Okawaru.
  6578 | D:6      | Found a shadowy altar of Dithmenos.
  7102 | D:7      | Reached skill level 11 in Conjurations
  7393 | D:7      | Noticed Menkaure
  7402 | D:7      | Killed Menkaure
  7690 | D:7      | Noticed Pikel
  7702 | D:7      | Killed Pikel
  7703 | D:7      | Reached XP level 10. HP: 56/56 MP: 12/25
  7789 | D:7      | Found a shimmering blue altar of Sif Muna.
  7800 | D:7      | Found an ancient bone altar of Kikubaaqudgha.
  7821 | D:7      | Got Kikubaaqudgha's Tome of Black Rites
  7828 | D:7      | Found a radiant altar of Vehumet.
  7846 | D:7      | Became a worshipper of Sif Muna the Loreminder
  8477 | D:8      | Found a runed translucent door.
  8477 | D:8      | Noticed bmj180's ghost (novice DrVM)
  8620 | D:8      | Reached skill level 12 in Conjurations
  8623 | D:8      | Noticed a centaur warrior
  8623 | D:8      | Noticed a two-headed ogre
  9119 | D:8      | Identified the +6 quarterstaff "Moewusm" {spect, rElec rC+
                  | rN+}
  9129 | D:8      | Reached skill level 10 in Spellcasting
  9322 | D:8      | Noticed a five-headed hydra
  9330 | D:8      | Killed a five-headed hydra
  9411 | D:8      | Identified the ring of Liss {+Blink rElec rPois}
  9914 | D:8      | HP: 2/56 [centaur/arrow (8)]
  9914 | D:8      | Shot with an arrow by a centaur warrior

Illustrated notes

Levels and vault maps discovered:
D:1:      amcnicky_arrival_blooded_trapdoor, layout_loops_corners
D:2:      layout_basic, serial_shops, shop, basic_altar, uniq_crazy_yiuf_cottage
D:3:      layout_rooms, gammafunk_temple_overflow_pools, ebering_ghost_sewer_d,
          chequers_ecumenical_altar_island, minmay_misc_feat_roman
D:4:      layout_loops_ring, mainiacjoe_overflow_surrounded_room,
          nicolae_uskayaw_suspiria, mainiacjoe_overflow_swirl,
          minmay_temple_entry_slanted
D:5:      layout_layer_cave, mainiacjoe_overflow_alcove_2, serial_shops, shop,
          nicolae_lakefront_shop, shop, uniq_prince_ribbit1, uniq_sigmund
D:6:      layout_basic, mainiacjoe_overflow_paths, okawaru_ov_weapons_minmay,
          uniq_blork_the_orc, uniq_edmund
D:7:      layout_rooms, palyth_temple_overflow_mages,
          kennysheep_generic_room_14, uniq_menkaure, uniq_pikel
D:8:      layout_layer_cave, ebering_ghost_reflecting_pool,
          minmay_pinched_square
Temple:   compressed_dpeg_triangle_lava_temple

Skill      XL: |  1  2  3  4  5  6  7  8  9 10 |
---------------+-------------------------------+-----
Dodging        | 3 4 5 6 7 8 9 |  9.5
Conjurations   | 5 6 7 9 10 11 12 | 12.5
Spellcasting   | 4 5 7 8 9 10 | 10.4
Fighting       | 3 4 |  4.1
Stealth        | |  2.4

Action                   |  1- 3 |  4- 6 |  7- 9 | 10-12 || total
-------------------------+-------+-------+-------+-------++-------
Melee: Dagger            |     6 |       |       |       ||     6
       Short sword       |       |     4 |     5 |       ||     9
       Quarterstaff      |       |       |       |     4 ||     4
 Cast: Magic Dart        |    78 |    73 |    74 |    22 ||   247
       Searing Ray       |     4 |    19 |    40 |    20 ||    83
       Iskenderun's Myst |       |     2 |    17 |     8 ||    27
       Dazzling Flash    |       |     1 |       |     1 ||     2
       Fulminant Prism   |       |     3 |     9 |     9 ||    21
  Use: Scroll            |       |     7 |     4 |     2 ||    13
Armor: Robe              |     1 |     4 |     5 |     4 ||    14
Dodge: Dodged            |     5 |    12 |    33 |    27 ||    77

Table legend: (Time is in decaauts)
 A = Elapsed time spent in this place.
 B = Non-inter-level travel time spent in this place.
 C = Inter-level travel time spent in this place.
 D = Time resting spent in this place.
 E = Time spent auto-exploring this place.
 F = Levels seen in this place.
 G = Mean time per level.
                   A        B        C        D        E       F      G
               +--------+--------+--------+--------+--------+-----+--------+
         Total |   9926 |   9592 |    334 |   2396 |   5787 |   9 | 1102.9 |
       Dungeon |   9630 |   9302 |    328 |   2396 |   5507 |   8 | 1203.8 |
        Temple |    295 |    289 |      6 |      0 |    280 |   1 |  295.0 |
               +--------+--------+--------+--------+--------+-----+--------+

Top non-repeatable levels by time:
     D:6: 1591 daAuts
     D:7: 1457 daAuts
     D:1: 1421 daAuts
     D:5: 1258 daAuts
     D:8: 1231 daAuts
     D:4: 1024 daAuts
     D:2: 968 daAuts
     D:3: 677 daAuts
  Temple: 295 daAuts
